 Dungeon Crawl Stone Soup version 0.30.1-9-gdf580d7c3d (webtiles) character file.

Game seed: 3247986612743036888

21 fireball365 the Trooper (level 2, 0/27 HPs)
             Began as a Hill Orc Fighter on Oct 8, 2023.
             Succumbed to a kobold's poison
             ... on level 1 of the Dungeon.
             The game lasted 00:01:46 (543 turns).

fireball365 the Trooper (Hill Orc Fighter)           Turns: 543, Time: 00:01:47

Health: 0/27       AC:  9    Str: 18    XL:     2   Next: 87%
Magic:  2/2        EV:  9    Int:  8    God:
Gold:   37         SH:  4    Dex: 10    Spells: 1/1 levels left

rFire   . . .        a - +0 war axe
rCold   . . .        c - +0 buckler
rNeg    . . .        b - +0 scale mail
rPois   .            k - +0 helmet
rElec   .            (no cloak)
rCorr   .            g - +0 pair of gloves
SInv    .            (no boots)
Will    .....        (no amulet) Stlth
                     (no ring)
HPRegen 0.24/turn    (no ring)
MPRegen 0.08/turn

%: no passive effects
@: lethally poisoned (0 -> -16)
A: no striking features
a: no special abilities


You were on level 1 of the Dungeon.
You visited 1 branch of the dungeon, and saw 2 of its levels.

You collected 37 gold pieces.

Inventory:

Hand Weapons
 a - a +0 war axe (weapon)
Armour
 b - a +0 scale mail (worn)
 c - a +0 buckler (worn)
 g - a +0 pair of gloves (worn)
 k - a +0 helmet (worn)
Scrolls
 e - a scroll of amnesia {unknown}
 f - 2 scrolls of teleportation {unknown}
 h - a scroll of enchant weapon {unknown}
 j - a scroll of fear {unknown}
Potions
 d - a potion of might
 i - a potion of haste {unknown}


   Skills:
 + Level 4.1 Fighting
 + Level 3.0 Axes
 + Level 3.6 Armour
 + Level 0.2 Dodging
 + Level 3.4 Shields


You had one spell level left.
You didn't know any spells.
Your spell library was empty.

Dungeon Overview and Level Annotations

Branches:
Dungeon (2/15)

Altars:


Message History

The kobold hits you with a +3 short sword of venom.
You are more poisoned.
You feel very sick. The kobold hits you but does no damage.
You feel very sick.
You feel sick. The kobold attacks as you move away!
You block the kobold's attack.
You feel sick. The kobold attacks as you move away!
You block the kobold's attack.
You feel sick.
You feel sick. The kobold attacks as you move away!
You block the kobold's attack.
A rat comes into view.
You feel sick.
You feel sick.
The kobold throws a stone.
You block the stone.
You feel sick.
The kobold throws a stone.
The stone barely misses you.
A jackal comes into view.
You feel sick.
You are no longer poisoned.
The jackal barks!
A jackal comes into view.
You block the rat's attack.
The kobold throws a stone.
The stone hits you but does no damage. The rat attacks as you move away!
The rat bites you but does no damage. The rat attacks as you move away!
You block the rat's attack.
The kobold hits you with a +3 short sword of venom.
* * * LOW HITPOINT WARNING * * *
You are poisoned.
You hit the kobold.
The kobold is severely wounded.
You slash the rat!
You kill the rat!
* * * LOW HITPOINT WARNING * * *
You feel sick.
The kobold hits you with a +3 short sword of venom.
* * * LOW HITPOINT WARNING * * *
You are more poisoned.
You miss the kobold.
The kobold is severely wounded.
You die...

######..#.###..........#
..................~~~~..
######..#..##....~~~~~..
#..#..##....~~~~~~. #..#
.......~~~~~~. #..#
.##.....~~~~.. #..#
##...#....... #.K#
.##........... #.@#
.............. #..#
###........... #h.#
###...#.####..
.h................####..
h#####.#.####....†......
#. .# #.#.#....... ## .#
#.###.####.. .# # #.#
#.. .. #.# #..


You could see a jackal and a kobold.

Vanquished Creatures
  2 endoplasms (D:1)
  2 giant cockroaches (D:1)
  A goblin (D:1)
  A hobgoblin (D:1)
  A ball python (D:1)
  A bat (D:1)
  6 frilled lizards (D:1)
  6 kobolds (D:1)
  4 rats (D:1)
24 creatures vanquished.

Notes
Turn   | Place    | Note
-------+----------+-------------------------------------------
     0 | D:1      | fireball365 the Hill Orc Fighter began the quest for the
                  | Orb.
     0 | D:1      | Reached XP level 1. HP: 19/19 MP: 1/1
   210 | D:1      | Reached XP level 2. HP: 20/27 MP: 2/2
   251 | D:1      | You fall into a shaft and drop 1 floor!
   279 | D:1      | Reached skill level 4 in Fighting
   543 | D:1      | Succumbed to a kobold's poison

Illustrated notes

Levels and vault maps discovered:
D:1:      amcnicky_arrival_feature_with_door, layout_basic, minmay_lizard_pond
D:2:      layout_basic

Skill      XL: |  1  2 |
---------------+-------+-----
Fighting       | 4 |  4.1
Axes           | 3 |  3.0
Armour         | |  3.6
Dodging        | |  0.2
Shields        | |  3.4

Action                     || total
---------------------------++-------
  Melee: War axe           ||    47
 Armour: Scale mail        ||    40
  Dodge: Dodged            ||    32
  Block: Buckler           ||    18
